 Dungeon Crawl Stone Soup version 0.29.1-13-g9f3cf754e1 (webtiles) character file.

Game seed: 11751812965182753431

12 CircusAlfredo the Shooter (level 2, 0/22 HPs)
             Began as a Human Hunter on Jan 21, 2023.
             Slain by a bat (1 damage)
             ... on level 2 of the Dungeon.
             The game lasted 00:09:25 (600 turns).

CircusAlfredo the Shooter (Human Hunter)             Turns: 600, Time: 00:09:26

Health: 0/22       AC:  3    Str: 11    XL:     2   Next: 45%
Magic:  2/2        EV: 12    Int:  9    God:
Gold:   18         SH:  5    Dex: 16    Spells: 1/1 levels left

rFire   . . .      SeeInvis .   f - +0 dagger
rCold   . . .      Faith    .   (no shield)
rNeg    + . .      Spirit   .   c - +0 leather armour
rPois   .          Reflect  +   (no helmet)
rElec   .          Harm     .   (no cloak)
rCorr   .          Rampage  .   (no gloves)
Will    .....                   (no boots)
Stlth   ++........              l - amulet of reflection
HPRegen 0.07/turn               h - ring of positive energy
MPRegen 0.08/turn               (no ring)

@: no status effects
A: no striking features
a: no special abilities


You were on level 2 of the Dungeon.
You visited 1 branch of the dungeon, and saw 2 of its levels.

You collected 18 gold pieces.

Inventory:

Hand Weapons
 a - a +0 shortbow
 d - a +0 dagger
 f - a +0 dagger (weapon)
 i - a +0 club
Armour
 c - a +0 leather armour (worn)
 e - a +0 robe
Jewellery
 h - a ring of positive energy (left hand)
 l - an amulet of reflection (around neck)
Scrolls
 b - a scroll of immolation
 g - a scroll of identify {unknown}
 j - a scroll of poison {unknown}
 k - a scroll of enchant armour {unknown}


   Skills:
 + Level 2.1 Fighting
 + Level 4.4 Ranged Weapons
 + Level 0.2 Armour
 + Level 2.1 Dodging
 + Level 1.0 Stealth


You had one spell level left.
You didn't know any spells.
Your spell library contained the following spells:

 Spells                   Type           Power      Damage    Failure   Level
 Apportation              Tloc           0%         N/A       47%         1
 Necrotise                Necr           0%         1d4       47%         1
 Summon Small Mammal      Summ           0%         N/A       47%         1


Dungeon Overview and Level Annotations

Branches:
Dungeon (2/15)

Altars:


Message History

Things that are here:
a +0 short sword; 3 stones You see here a giant cockroach corpse.
A frilled lizard comes into view.
The frilled lizard hisses angrily.
The frilled lizard attacks as you move away!
The frilled lizard barely misses you. The frilled lizard bites you.
* * * LOW HITPOINT WARNING * * *
There is a stone staircase leading down here.
You can't go up here!
You closely miss the frilled lizard. The frilled lizard misses you.
You closely miss the frilled lizard. The frilled lizard bites you.
* * * LOW HITPOINT WARNING * * *
You hit the frilled lizard.
You kill the frilled lizard!
You can't go up here!
There is a stone staircase leading down here.
You climb downwards.
There is a stone staircase leading up here.
Found a stone staircase leading down.
Found a scale mail.
Found a stone staircase leading down.
A bat comes into view.
Found a long sword.
You hit the bat but do no damage. The bat closely misses you.
The bat misses you. The bat closely misses you.
The bat hits you but does no damage.
You hit the bat.
The bat is moderately wounded.
The bat hits you.
* * * LOW HITPOINT WARNING * * *
Read: 2 scrolls of immolation
Press: ? - help, Q - select action, (/) - cycle Dir - look around, f - activate Look: a bat (moderately wounded, susceptible)
As you read the scroll of immolation, it crumbles to dust.
The creatures around you are filled with an inner flame!
The bat hits you.
You die...

### .. .)###### #.#....#
#####.#...>#
.......@[^.#
####....b..# ####..>.#
#....# ##....# #
##.....#..
#########.####..........
.......##...............
.......######.........##


You could see a bat (inner flame).

Vanquished Creatures
  2 giant cockroaches (D:1)
  3 goblins (D:1)
  A hobgoblin (D:1)
  A frilled lizard (D:1)
  2 kobolds
  2 rats (D:1)
11 creatures vanquished.

Notes
Turn   | Place    | Note
-------+----------+-------------------------------------------
     0 | D:1      | CircusAlfredo the Human Hunter began the quest for the Orb.
     0 | D:1      | Reached XP level 1. HP: 16/16 MP: 1/1
   217 | D:1      | Reached XP level 2. HP: 22/22 MP: 2/2
   251 | D:1      | Found a faded altar of an unknown god.
   574 | D:1      | HP: 1/22 [frilled lizard (3)]
   599 | D:2      | HP: 1/22 [bat (1)]
   600 | D:2      | Slain by a bat

Illustrated notes

Levels and vault maps discovered:
D:1:      lightli_arrival_flooded_house, layout_basic,
          shapermc_ecumenical_altar_venn, chequers_serial_rivers_small_b,
          minmay_quantized
D:2:      layout_rooms

Action                   || total
-------------------------++-------
Melee: Dagger            ||    59
       Shortbow          ||     3
       Punch             ||     1
  Use: Scroll            ||     1
Armor: Leather armour    ||    16
Dodge: Dodged            ||    34
Block: Other             ||     2
